Map: Ephemeron LE

Players

Harstem - Winner!

  • Race: Protoss Protoss
  • League: Grandmaster
  • Spawn Location: 11:00

A.I. 1 (Very Easy)

  • Race: Protoss Protoss
  • Spawn Location: 5:00

VOD

https://www.youtube.com/watch?v=d1uDoY3dbUE

Description

PvP Proxy Oracle vs Sentry Stalker opener build order

Time

  • Played on: Nov. 3, 2019, 4:42 p.m.
  • Length: 7:56
Show
View Real Time Build Order
Export as new Build Order

Harstem Protoss - Winner!

Build Orders: Oracle Opening, Zealot Archon 

Get SALT Encoding   

  12  0:02  Probe  
  14  0:14  Probe  
  14  0:17  Pylon  
  14  0:26  Probe (Chrono Boost)  
  15  0:37  Gateway  
  15  0:38  Probe (Chrono Boost)  
  16  0:45  Probe (Chrono Boost)  
  17  0:50  Assimilator  
  17  0:52  Probe (Chrono Boost)  
  18  0:58  Assimilator  
  18  1:04  Probe (Chrono Boost)  
  18  1:09  Gateway  
  19  1:13  Probe (Chrono Boost)  
  20  1:19  Probe  
  21  1:25  Cybernetics Core  
  21  1:31  Probe  
  22  1:40  Pylon  
  22  1:43  Probe  
  23  1:58  Probe  
  24  2:02  Stargate  
  24  2:04  Stalker  
  26  2:10  Probe  
  26  2:13  Stalker  
  29  2:20  Warp Gate  
  29  2:22  Pylon  
  29  2:45  Oracle (Chrono Boost)  
  32  3:01  Nexus  
  32  3:04  Pylon  
  32  3:05  Probe  
  33  3:17  Probe  
  33  3:18  Oracle (Chrono Boost)  
  37  3:29  Probe  
  38  3:36  Twilight Council  
  38  3:41  Probe  
  39  3:53  Probe  
  40  3:56  Forge  
  40  4:03  Shield Battery  
  40  4:05  Probe  
  40  4:09  Stalker, Blink (Chrono Boost)  
  43  4:14  Probe  
  44  4:17  Probe  
  44  4:22  Stalker  
  47  4:27  Probe  
  47  4:29  Probe  
  49  4:36  Protoss Ground Weapons Level 1 (Chrono Boost)  
  49  4:39  Probe  
  49  4:42  Probe  
  49  4:43  Pylon  
  51  4:49  Assimilator  
  51  4:51  Stalker, Probe  
  54  4:52  Assimilator  
  54  4:55  Probe  
  55  5:01  Stalker  
  55  5:03  Probe  
  58  5:07  Probe  
  58  5:12  Gateway  
  58  5:13  Gateway  
  59  5:15  Probe (Chrono Boost)  
  60  5:24  Stalker, Probe (Chrono Boost)  
  60  5:26  Pylon  
  60  5:27  Probe (Chrono Boost)  
  64  5:34  Stalker  
  64  5:35  Probe (Chrono Boost)  
  68  5:36  Probe (Chrono Boost)  
  68  5:39  Probe (Chrono Boost)  
  68  5:41  Probe  
  70  5:53  Nexus  
  70  5:59  Pylon  
  70  6:06  Charge  
  70  6:07  Probe  
  70  6:08  Probe  
  70  6:09  Templar Archives  
  72  6:18  Gateway  
  72  6:19  Gateway  
  72  6:21  Gateway  
  72  6:27  Gateway  
  72  6:33  Sentry  
  72  6:34  Robotics Facility  
  74  6:42  Zealot x2  
  74  6:45  Zealot  
  80  6:57  Zealot  
  82  7:02  Pylon  
  82  7:04  Pylon  
  82  7:08  Zealot x3  
  84  7:14  Zealot x2  
  92  7:18  High Templar x2, Pylon  
  96  7:22  Archon  
  96  7:23  Zealot  
  96  7:29  Zealot, High Templar x2  
  104  7:45  Zealot, High Templar x2  
Show
View Real Time Build Order
Export as new Build Order

A.I. 1 (Very Easy) Protoss 

Build Orders:  

Get SALT Encoding   

  12  0:00  Probe  
  13  0:13  Probe  
  14  0:20  Pylon  
  14  0:37  Assimilator  
  14  0:43  Gateway  
  14  0:46  Pylon  
  14  1:13  Assimilator  
  14  1:22  Zealot  
  14  1:23  Probe  
  14  1:32  Probe, Cybernetics Core  
  18  1:42  Probe  
  19  1:54  Probe  
  20  1:58  Warp Gate  
  20  2:02  Probe  
  21  2:10  Probe  
  22  2:37  Stalker  
  24  3:32  Probe  
  17  3:44  Probe  
  15  3:56  Probe  
  16  4:06  Probe  
  17  4:14  Probe  
  17  4:22  Probe  
  19  4:34  Probe  
  20  4:47  Probe  
  21  4:59  Probe  
  22  5:09  Probe  
  23  5:17  Probe  
  24  6:50  Stalker  
  24  6:52  Pylon  
  20  7:01  Probe  
  20  7:04  Pylon  
  21  7:15  Nexus  
  21  7:21  Probe  
  22  7:23  Robotics Facility  
  22  7:29  Probe  
  11  7:37  Probe  
  11  7:41  Pylon  
Tags
 
Composition
Zealot Archon
Matchup
PvP
Player
Harstem
Spawn Locations
Cross Positions
Add a new tag
Caveats
  • Supply blocks, unpowered buildings, or Contaminate may cause inaccurate times.
  • Supply counts are checked every 10 seconds.